 Dungeon Crawl Stone Soup version 0.21-a0-528-gf531e82c92 (webtiles) character file.

16 MrRokkomies the Caller (level 2, 0/22 HPs)
             Began as a Barachi Summoner on Dec 8, 2017.
             Slain by a hobgoblin (3 damage)
             ... on level 1 of the Dungeon.
             The game lasted 00:04:20 (522 turns).

MrRokkomies the Caller (Barachi Summoner)            Turns: 522, Time: 00:04:20

Health: 0/22       AC:  2    Str:  9    XL:     2   Next: 54%
Magic:  4/5        EV: 12    Int: 15    God:
Gold:   8          SH:  0    Dex: 12    Spells: 2/5 levels left

rFire    . . .     SeeInvis +   h - +0 club
rCold    . . .     Gourm    .   (no shield)
rNeg     . . .     Faith    .   a - +0 robe
rPois    .         Spirit   .   (no helmet)
rElec    .         Reflect  .   (no cloak)
rCorr    .         Harm     .   (no gloves)
MR       .....     Clarity  +   (no boots)
Stlth    ++........             (no amulet)
HPRegen  0.07/turn              e - ring of wizardry
MPRegen  0.09/turn              (no ring)

@: can't hop, slow
A: +LOS, swims, see invisible, clarity, slowness 1, strong legs 1
a: Hop


You were on level 1 of the Dungeon.
You were not hungry.

You visited 1 branch of the dungeon, and saw 1 of its levels.

You collected 8 gold pieces.

Inventory:

Hand Weapons
 h - a +0 club (weapon)
Missiles
 d - 46 stones (quivered)
Armour
 a - a +0 robe (worn)
Jewellery
 e - a ring of wizardry (left hand)
Scrolls
 i - a scroll of immolation {unknown}
Potions
 k - a potion of curing {unknown}
 l - a potion of haste {unknown}
Books
 b - a book of Callings

   Spells                             Type                      Level
   a - Summon Small Mammal            Summoning                    1
   b - Call Imp                       Summoning                    2
   c - Call Canine Familiar           Summoning                    3
   d - Summon Guardian Golem          Hexes/Summoning              3
   e - Summon Lightning Spire         Summoning/Air                4
   f - Summon Ice Beast               Ice/Summoning                4
Comestibles
 c - a bread ration
 g - a meat ration


   Skills:
 * Level 1.7 Fighting
 - Level 2.1 Dodging
 - Level 1.7 Stealth
 - Level 2.1 Spellcasting
 * Level 5.2 Summonings


You had 2 spell levels left.
You knew the following spells:

 Your Spells              Type           Power        Failure   Level  Hunger
a - Summon Small Mammal   Summ           ###.         1%          1    #......
b - Call Imp              Summ           ###.....     1%          2    ###....


Dungeon Overview and Level Annotations

Branches:
Dungeon (1/15)

Altars:


Innate Abilities, Weirdness & Mutations

Shadows flee at your approach. (+LOS)
You can swim through water.
You cover ground slowly.
You can hop short distances.
You have supernaturally acute eyesight. (SInv)
You possess an exceptional clarity of mind.


Message History

Press: ? - help, Dir - move target cursor, p - hobgoblin Boing!
Your crimson imp misses the hobgoblin.
Throwing (i - inventory):
d - 48 stones (quivered)
Press: ? - help, Shift-Dir - straight line, f - hobgoblin
Aim: a hobgoblin (severely wounded) Really fire in your crimson imp's direction?
Uppercase [Y]es or [N]o only, please.
Really fire in your crimson imp's direction?
You throw a stone. The stone barely misses the hobgoblin.
The stone hits your crimson imp but does no damage.
Your crimson imp closely misses the hobgoblin.
Throwing (i - inventory):
d - 47 stones (quivered)
Press: ? - help, Shift-Dir - straight line, f/p - hobgoblin
Aim: a hobgoblin (severely wounded)
You throw a stone.
The stone hits the hobgoblin but does no damage.
The hobgoblin is severely wounded.
The crimson imp hits your crimson imp but does no damage.
The hobgoblin hits you.
You die...

# #.###†#....#..........
#
#...#÷#....#...........
#
###.#.#.#......(#.......
# #(..............(..#..
# ###...#.........#....
######'#.#.............
#........#.#...........
#........#.#.....#.#
#........#†@g5.....#
#........†....5....#
#........###.#§.((.#
#........# #.#.(.......
#........# #.#...(...##.
..........# #..(........
##...#######
#...#...#.#..# #...
#.#.#...#.# .# #..
#.#.##### $ #


You could see a crimson imp, a hobgoblin and a friendly crimson imp.

Vanquished Creatures
  A dart slug (D:1)
  A leopard gecko (D:1)
  5 bats (D:1)
  A goblin (D:1)
  2 frilled lizards (D:1)
10 creatures vanquished.

Vanquished Creatures (collateral kills)
  A giant cockroach (D:1)
  A hobgoblin (D:1)
  A bat (D:1)
3 creatures vanquished.

Grand Total: 13 creatures vanquished

Notes
Turn   | Place    | Note
-------+----------+-------------------------------------------
     0 | D:1      | MrRokkomies the Barachi Summoner began the quest for the Orb.
     0 | D:1      | Reached XP level 1. HP: 13/13 MP: 3/3
   198 | D:1      | Reached skill level 5 in Summonings
   226 | D:1      | Reached skill level 1 in Fighting
   240 | D:1      | Reached XP level 2. HP: 9/21 MP: 1/5
   278 | D:1      | Learned a level 2 spell: Call Imp
   519 | D:1      | Gained mutation: You possess an exceptional clarity of mind. [potion of mutation]
   519 | D:1      | Gained mutation: You have supernaturally acute eyesight. (SInv) [potion of mutation]
   522 | D:1      | Slain by a hobgoblin

Vault maps used:
D:1:      minmay_arrival_shattered_statue, minmay_pentomino_q2

Skill      XL: |  1 |
---------------+----+-----
Summonings     | 5 |  5.2
Fighting       | 1 |  1.7
Dodging        | |  2.1
Stealth        | |  1.7
Spellcasting   | |  2.1

Action                   || total
-------------------------++-------
Melee: Club              ||    41
       Unarmed           ||     4
Throw: Stone             ||    12
       Tomahawk          ||    10
 Cast: Summon Small Mamm ||     4
       Call Imp          ||     2
 Abil: Hop               ||     1
  Use: Potion            ||     1
 Stab: Sleeping          ||     1
Armor: Robe              ||    24
Dodge: Dodged            ||    55

Table legend:
 A = Spawn XP
 B = Non-spawn XP
 C = Spawn XP percentage of total XP
 D = Spawn monster count
 E = Non-spawn monster count
 F = Spawn count percentage of total count
 G = Total turns spent on level
                    A         B        C        D         E        F      G
               +---------+---------+-------+---------+---------+-------+---------
         Total |       0 |      23 |   0.0 |       0 |      13 |   0.0 |   522
               +---------+---------+-------+---------+---------+-------+---------
           D:1 |       0 |      23 |   0.0 |       0 |      13 |   0.0 |   522
               +---------+---------+-------+---------+---------+-------+---------
